 Dungeon Crawl Stone Soup version 0.19-a0-607-g42021f0 (webtiles) character file.

82 st0uf the Shield-Bearer (level 4, -2/37 HPs)
             Began as a Formicid Fighter on June 12, 2016.
             Killed from afar by an orc wizard (5 damage)
             ... with a magic dart
             ... on level 3 of the Dungeon.
             The game lasted 00:04:30 (2013 turns).

st0uf the Shield-Bearer (Formicid Fighter)          Turns: 2013, Time: 00:04:30

Health: -2/37      AC:  6    Str: 20    XL:     4   Next: 70%
Magic:  4/4        EV:  8    Int:  8    God:
Gold:   98         SH:  9    Dex: 11    Spells: 0 memorised, 3 levels left

rFire  . . .     SeeInvis +     a - +0 war axe
rCold  . . .     Gourm    .     b - +0 scale mail
rNeg   . . .     Faith    .     c - +0 shield
rPois  .         Spirit   .     (helmet unavailable)
rElec  .         Dismiss  .     (no cloak)
rCorr  .         Reflect  .     (no gloves)
SustAt .         Harm     .     (no boots)
MR     .....                    (no amulet)
Stlth  ..........               (no ring)
                                i - ring of loudness (curse)

@: not resistant to hostile enchantments, extremely unstealthy
A: permanent stasis, dig shafts and tunnels, four strong arms, antennae 3
a: Dig, Shaft Self


You were on level 3 of the Dungeon.
You were not hungry.

You visited 1 branch of the dungeon, and saw 3 of its levels.

You collected 98 gold pieces.

Inventory:

Hand Weapons
 a - a +0 war axe (weapon)
Armour
 b - a +0 scale mail (worn)
 c - a +0 shield (worn)
 p - a cursed +0 chain mail
Jewellery
 i - a cursed ring of loudness (left hand)
Scrolls
 g - a scroll of enchant weapon {unknown}
 h - 6 scrolls of identify {unknown}
 j - 2 scrolls of blinking {unknown}
 k - 3 scrolls of random uselessness {unknown}
 l - 2 scrolls of remove curse {unknown}
 q - a scroll of amnesia {unknown}
 r - a scroll of teleportation {unknown}
Potions
 d - a potion of might
 e - a potion of heal wounds {unknown}
 m - a potion of curing {unknown}
 n - a potion of agility {unknown}
 o - 3 potions of lignification {unknown}
Comestibles
 f - 2 bread rations
 s - 4 chunks of flesh


   Skills:
 + Level 3.7 Fighting
 * Level 3.4 Axes
 + Level 3.6 Armour
 + Level 0.6 Dodging
 + Level 4.1 Shields


You had 3 spell levels left.
You didn't know any spells.

Dungeon Overview and Level Annotations

Branches:
Dungeon (3/15)

Altars:
Qazlal
The Shining One


Innate Abilities, Weirdness & Mutations

You are under a permanent stasis effect.
You can dig through walls and to a lower floor.
Your four strong arms can wield two-handed weapons with a shield.
You have a pair of large antennae on your head. (SInv)


Message History

The orc wizard casts a spell.
The orc wizard blinks!
The orc wizard casts a spell.
The orc wizard blinks!
You closely miss the orc wizard.
The orc wizard is almost dead.
You block the orc wizard's attack.
The orc wizard hits you but does no damage.
The orc wizard barely misses you.
You closely miss the orc wizard.
The orc wizard is almost dead.
The orc wizard points at you and mumbles some strange words.
The magic dart hits you!
* * * LOW HITPOINT WARNING * * *
The orc wizard hits you but does no damage.
You closely miss the orc wizard.
The orc wizard is almost dead.
The orc wizard casts a spell at you. The magic dart hits you!
You die...

#...)...#
#<...)#.#.
#...........
#.########..
#..)†....#
#.))....##.. {
#........%..
#......####.#
.....#.o@......#
####.#>######..#
.<#.. ##.#%#
#.#.. #.# #.


You could see an orc wizard.

Vanquished Creatures
  2 adders (D:2)
  2 dart slugs
  A giant gecko (D:1)
  3 orcs (D:3)
  A ball python (D:2)
  3 bats (D:2)
  A giant cockroach (D:1)
  6 goblins
  7 hobgoblins
  3 jackals (D:1)
  9 kobolds
  3 quokkas (D:2)
  6 giant newts
  8 rats
55 creatures vanquished.

Notes
Turn   | Place    | Note
--------------------------------------------------------------
     0 | D:1      | st0uf the Formicid Fighter began the quest for the Orb.
     0 | D:1      | Reached XP level 1. HP: 18/18 MP: 1/1
   173 | D:1      | Reached XP level 2. HP: 13/24 MP: 2/2
   510 | D:1      | Reached XP level 3. HP: 26/29 MP: 3/3
   825 | D:2      | Reached skill level 4 in Shields
  1148 | D:2      | Reached XP level 4. HP: 7/35 MP: 4/4
  1691 | D:2      | Found a glowing golden altar of the Shining One.
  1691 | D:2      | Found a stormy altar of Qazlal.
  2013 | D:3      | Killed from afar by an orc wizard

Vault maps used:
D:1:      kilobyte_arrival_exit_the_forest
D:2:      gammafunk_temple_overflow_wave, grunt_ministairs_11
D:3:      minmay_door_path, minmay_misc_feat_x, okawaru_ov_weapons_minmay,
          uniq_natasha

Skill      XL: |  1  2  3 |
---------------+----------+-----
Shields        | 4 |  4.1
Axes           | 3 |  3.4
Fighting       | |  3.7
Armour         | |  3.6
Dodging        | |  0.6

Action                   |  1- 3 |  4- 6 || total
-------------------------+-------+-------++-------
Melee: War axe           |   124 |    58 ||   182
  Eat: Chunk             |     1 |     3 ||     4
Armor: Scale mail        |    51 |    21 ||    72
Dodge: Dodged            |    49 |    14 ||    63
Block: Shield            |    72 |    26 ||    98
